 Dungeon Crawl Stone Soup version 0.29.1-15-g9cfb28693d (webtiles) character file.

Game seed: 13815109768660859379

1715 McKennaii the Digger (level 8, -4/57 HPs)
             Began as a Demigod Earth Elementalist on Feb 25, 2023.
             Slain by a troll (12 damage)
             ... on level 7 of the Dungeon.
             The game lasted 00:05:15 (6588 turns).

McKennaii the Digger (Demigod Earth Elementalist)   Turns: 6588, Time: 00:05:16

Health: -4/57      AC:  3    Str:  9    XL:     8   Next: 46%
Magic:  15/29      EV: 12    Int: 25    God:
Gold:   386        SH:  0    Dex: 14    Spells: 15/19 levels left

rFire   + . .      SeeInvis .   n - +0 scythe (venom)
rCold   . . .      Faith    .   (shield currently unavailable)
rNeg    . . .      Spirit   .   a - +0 robe
rPois   .          Reflect  .   j - +1 hat
rElec   .          Harm     .   (no cloak)
rCorr   .          Rampage  .   (no gloves)
Will    .....                   (no boots)
Stlth   ++........              (no amulet)
HPRegen 0.19/turn               v - ring of magical power
MPRegen 0.21/turn               l - ring of protection from fire

@: no status effects
A: high MP 1, forlorn, divine attributes
a: no special abilities


You were on level 7 of the Dungeon.
You visited 1 branch of the dungeon, and saw 7 of its levels.

You collected 386 gold pieces.

Inventory:

Hand Weapons
 n - a +0 scythe of venom (weapon)
Missiles
 D - 2 throwing nets
Armour
 a - a +0 robe (worn)
 j - a +1 hat (worn)
Jewellery
 d - a ring of protection from cold
 f - a ring of resist corrosion
 l - a ring of protection from fire (right hand)
 v - a ring of magical power (left hand)
Wands
 m - a wand of polymorph (11)
 y - a wand of flame (26)
 A - a wand of paralysis (9)
Scrolls
 e - 3 scrolls of teleportation {unknown}
 h - 5 scrolls of identify {unknown}
 i - 5 scrolls of magic mapping {unknown}
 q - a scroll of blinking {unknown}
 r - 2 scrolls of noise {unknown}
 t - a scroll of enchant weapon {unknown}
 x - 2 scrolls of fear {unknown}
 z - a scroll of summoning {unknown}
 B - a scroll of amnesia {unknown}
 C - a scroll of torment {unknown}
Potions
 b - 3 potions of magic
 c - 3 potions of curing {unknown}
 g - 2 potions of degeneration {unknown}
 k - a potion of cancellation {unknown}
 o - 2 potions of lignification {unknown}
 p - a potion of haste {unknown}
 s - a potion of attraction {unknown}
 u - a potion of heal wounds {unknown}
 w - a potion of resistance {unknown}


   Skills:
 - Level 1.7 Dodging
 - Level 1.7 Stealth
 + Level 6.0 Spellcasting
 + Level 4.7 Conjurations
 - Level 0.8 Transmutations
 + Level 6.9 Earth Magic


You had 15 spell levels left.
You knew the following spells:

 Your Spells              Type           Power      Damage    Failure   Level
a - Sandblast             Erth           84%        2d18      1%          1
b - Stone Arrow           Conj/Erth      72%        3d11      1%          3

Your spell library contained the following spells:

 Spells                   Type           Power      Damage    Failure   Level
 Foxfire                  Conj/Fire      76%        2x1d7     2%          1
 Passwall                 Tmut/Erth      22%        N/A       2%          2
 Ensorcelled Hibernation  Hex/Ice        14%        N/A       11%         2
 Petrify                  Tmut/Erth      27%        N/A       14%         4
 Leda's Liquefaction      Hex/Erth       12%        N/A       17%         4
 Spider Form              Tmut/Pois      9%         N/A       19%         3
 Call Canine Familiar     Summ           7%         N/A       22%         3
 Ozocubu's Armour         Ice            7%         N/A       22%         3
 Portal Projectile        Hex/Tloc       14%        N/A       22%         3
 Anguish                  Hex/Necr       3%         N/A       58%         4
 Metabolic Englaciation   Hex/Ice        3%         N/A       90%         5
 Simulacrum               Ice/Necr       3%         N/A       100%        6


Dungeon Overview and Level Annotations

Branches:
Dungeon (7/15)             Temple (0/1) D:4

Shops:
D:5 =


Innate Abilities, Weirdness & Mutations

You have an increased reservoir of magic. (+10% MP)
You shall have no god before yourself.
Your divine heritage dramatically boosts your attributes as you level up.


Message History

The blast of sand hits the gnoll!!
You kill the gnoll!
Casting: Sandblast (safe; 1% risk of failure)
Confirm with . or Enter, or press ? or * to list all spells.
Aiming: Stone Arrow (safe; 1% risk of failure)
Press: ? - help, Shift-Dir - straight line, f - troll
Aim: a troll (74% to hit)
The stone arrow misses the troll.
The troll bites you! The troll claws you. The troll barely misses you.
Unknown command.
Casting: Stone Arrow (safe; 1% risk of failure)
Confirm with . or Enter, or press ? or * to list all spells.
Aiming: Stone Arrow (safe; 1% risk of failure)
Press: ? - help, Shift-Dir - straight line, f/p - troll
Aim: a troll (74% to hit)
The stone arrow hits the troll!
The troll is moderately wounded.
The troll bites you! The troll claws you!
* * * LOW HITPOINT WARNING * * *
The troll barely misses you.
Casting: Stone Arrow (safe; 1% risk of failure)
Confirm with . or Enter, or press ? or * to list all spells.
Aiming: Stone Arrow (safe; 1% risk of failure)
Press: ? - help, Shift-Dir - straight line, f/p - troll
Aim: a troll (moderately wounded, 74% to hit)
The stone arrow misses the troll.
The troll misses you. The troll claws you.
* * * LOW HITPOINT WARNING * * *
The troll barely misses you.
Unknown command.
Casting: Stone Arrow (safe; 1% risk of failure)
Confirm with . or Enter, or press ? or * to list all spells.
Aiming: Stone Arrow (safe; 1% risk of failure)
Press: ? - help, Shift-Dir - straight line, f/p - troll
Aim: a troll (moderately wounded, 74% to hit)
The stone arrow hits the troll!
The troll is heavily wounded.
The troll bites you.
* * * LOW HITPOINT WARNING * * *
The troll claws you!
You die...

##.. # ## #...
..##...# ......#
#....##
##....####
#........###..
##...$........)
#......@T)....#
##........###.##
#(.......##
##.......##
#......###
#.....## #.....#
##....# #....#
#.<


You could see a troll.

Vanquished Creatures
  Sigmund (D:3)
  Eustachio (D:5)
  Menkaure (D:5)
  A water moccasin (D:5)
  An ice beast (D:6)
  A centaur (D:7)
  A kobold brigand (D:6)
  Blork the orc (D:5)
  A necrophage (D:6)
  2 scorpions
  A howler monkey (D:7)
  2 jellies
  A gnoll bouda (D:7)
  5 hounds
  3 orc priests
  2 iguanas (D:5)
  3 orc wizards
  5 gnolls
  9 adders
  A worm (D:2)
  2 dart slugs (D:3)
  17 orcs
  5 endoplasms
  2 giant cockroaches
  6 hobgoblins
  2 jackals (D:2)
  A quokka (D:2)
  6 ball pythons
  4 bats
  4 frilled lizards
  9 goblins
  9 kobolds
  10 rats
120 creatures vanquished.

Notes
Turn   | Place    | Note
-------+----------+-------------------------------------------
     0 | D:1      | McKennaii the Demigod Earth Elementalist began the quest
                  | for the Orb.
     0 | D:1      | Reached XP level 1. HP: 14/14 MP: 5/5
   322 | D:1      | Reached XP level 2. HP: 20/20 MP: 4/7
   959 | D:2      | Reached XP level 3. HP: 26/26 MP: 5/9
  1068 | D:2      | Learned a level 3 spell: Stone Arrow
  2141 | D:3      | Noticed Sigmund
  2144 | D:3      | Killed Sigmund
  2145 | D:3      | Reached XP level 4. HP: 25/33 MP: 7/12
  2145 | D:3      | Reached XP level 5. HP: 29/38 MP: 7/13
  2398 | D:3      | Got Plato's Octavo of Blasts
  3222 | D:4      | Reached XP level 6. HP: 15/45 MP: 10/15
  3562 | D:4      | Reached skill level 5 in Earth Magic
  3645 | D:4      | Found a staircase to the Ecumenical Temple.
  3981 | D:5      | Entered Level 5 of the Dungeon
  4025 | D:5      | Reached skill level 1 in Conjurations
  4109 | D:5      | Noticed Menkaure
  4122 | D:5      | Killed Menkaure
  4278 | D:5      | Reached XP level 7. HP: 50/50 MP: 14/17
  4537 | D:5      | Noticed Eustachio
  4545 | D:5      | Killed Eustachio
  4666 | D:5      | Reached skill level 5 in Spellcasting
  5326 | D:5      | Found Diluitto's One-of-a-Kind Rings.
  5373 | D:5      | Noticed Blork the orc
  5377 | D:5      | Killed Blork the orc
  5606 | D:6      | Reached XP level 8. HP: 57/57 MP: 19/19
  5786 | D:6      | Paralysed by an orc for 5 turns
  6580 | D:7      | Noticed a troll
  6588 | D:7      | Slain by a troll

Illustrated notes

Levels and vault maps discovered:
D:1:      minmay_arrival_nine_rooms, layout_basic, minmay_cupped
D:2:      minmay_door_path, layout_basic
D:3:      layout_basic, shapermc_ecumenical_altar_rom_forum,
          minmay_starry_boxes, uniq_sigmund
D:4:      layout_gridville, minmay_temple_entry_proselytizer,
          grunt_decor_resistance, minmay_misc_feat_plants
D:5:      layout_basic, serial_glass, glass_columns_a, glass_columns_b,
          nicolae_shop_unique_rings, cheibrodos_gnoll_hut, uniq_blork_the_orc,
          uniq_menkaure, uniq_eustachio
D:6:      layout_gridville, nicolae_uskayaw_dance_studio,
          mainiacjoe_overflow_alcove_2
D:7:      layout_cave_pods, chequers_serial_rivers_micro_e,
          grunt_decor_one_mirror, nicolae_lava_and_water

Skill      XL: |  1  2  3  4  5  6  7  8 |
---------------+-------------------------+-----
Spellcasting   | 2 3 4 5 6 |  6.0
Earth Magic    | 3 4 5 6 |  6.9
Conjurations   | 2 3 4 |  4.7
Dodging        | |  1.7
Stealth        | |  1.7
Transmutations | |  0.8

Action                   |  1- 3 |  4- 6 |  7- 9 || total
-------------------------+-------+-------+-------++-------
Melee: Unarmed           |    11 |       |       ||    11
       Halberd           |       |     2 |       ||     2
 Cast: Sandblast         |    70 |    50 |    58 ||   178
       Stone Arrow       |       |     2 |    13 ||    15
 Stab: Sleeping          |       |     1 |       ||     1
Armor: Robe              |     8 |     4 |     2 ||    14
Dodge: Dodged            |    23 |     4 |    16 ||    43
